 Dungeon Crawl Stone Soup version 0.25-a0-942-g87a53962fc (webtiles) character file.

Game seed: 15156428241375909974, levelgen mode: classic

18 Amnesiac the Magician (level 2, 0/15 HPs)
             Began as a Deep Elf Wizard on May 7, 2020.
             Succumbed to Robin's poison
             ... on level 1 of the Dungeon.
             The game lasted 00:01:35 (566 turns).

Amnesiac the Magician (Deep Elf Wizard)              Turns: 566, Time: 00:01:35

Health: 0/15       AC:  2    Str:  4    XL:     2   Next: 48%
Magic:  4/9        EV: 13    Int: 22    God:
Gold:   3          SH:  0    Dex: 13    Spells: 5/10 levels left

rFire    . . .     SeeInvis .   (no weapon)
rCold    . . .     Gourm    .   (no shield)
rNeg     . . .     Faith    .   a - +0 robe
rPois    .         Spirit   .   b - +0 hat
rElec    .         Reflect  .   (no cloak)
rCorr    .         Harm     .   (no gloves)
MR       .....                  (no boots)
Stlth    ++........             (no amulet)
HPRegen  0.05/turn              (no ring)
MPRegen  0.11/turn              (no ring)

@: lethally poisoned (0 -> -14)
A: no striking features
a: no special abilities


You were on level 1 of the Dungeon.
You were not hungry.

You visited 1 branch of the dungeon, and saw 2 of its levels.

You collected 3 gold pieces.

Inventory:

Missiles
 e - 9 poisoned darts (quivered)
Armour
 a - a +0 robe (worn)
 b - a +0 hat (worn)
Scrolls
 g - a scroll of identify {!r, unknown}
Comestibles
 d - 2 rations
 f - 2 chunks of flesh


   Skills:
 + Level 0.0 Fighting
 - Level 2.4 Dodging
 - Level 2.4 Stealth
 - Level 4.5 Spellcasting
 - Level 2.7 Conjurations
 - Level 1.1 Summonings
 - Level 1.1 Translocations


You had 5 spell levels left.
You knew the following spells:

 Your Spells              Type           Power        Failure   Level  Hunger
a - Magic Dart            Conj           ###.         3%          1    None
b - Call Imp              Summ           #.......     11%         2    #......
v - Blink                 Tloc           N/A          11%         2    #......

Your spell library contained the following spells:

 Spells                   Type           Power        Failure   Level  Hunger
 Slow                     Hex            #.......     16%         2    #......
 Conjure Flame            Conj/Fire      ##......     19%         3    ##.....
 Mephitic Cloud           Conj/Pois/Air  #.......     22%         3    ##.....


Dungeon Overview and Level Annotations

Branches:
Dungeon (2/15)

Altars:

Annotations:
D:1 Robin


Message History

Press: ? - help, Shift-Dir - straight line, f/p - goblin
Aim: a goblin, wielding a +0 club (severely wounded)
The magic dart hits the goblin.
You kill the goblin!
Casting: Magic Dart (safe; 3% risk of failure)
Confirm with . or Enter, or press ? or * to list all spells.
Aiming: Magic Dart (safe; 3% risk of failure)
Press: ? - help, Shift-Dir - straight line, f - goblin
Aim: a goblin, wielding a +0 dagger The magic dart hits the goblin.
The goblin is moderately wounded.
Casting: Magic Dart (safe; 3% risk of failure)
Confirm with . or Enter, or press ? or * to list all spells.
Aiming: Magic Dart (safe; 3% risk of failure)
Press: ? - help, Shift-Dir - straight line, f/p - goblin
Aim: a goblin, wielding a +0 dagger (moderately wounded)
The magic dart hits the goblin.
You kill the goblin!
Robin hits you with a +0 short sword of venom.
You are lethally poisoned!
You climb upwards.
You feel sick.
There is a stone staircase leading down here.
Casting: Magic Dart (safe; 3% risk of failure)
Confirm with . or Enter, or press ? or * to list all spells.
You don't know that spell.
Unknown command.
Casting: Magic Dart (safe; 3% risk of failure)
Confirm with . or Enter, or press ? or * to list all spells.
You don't know that spell.
You feel sick.
Robin laughs in a distinctly smug fashion.
Robin hits you but does no damage.
You are more poisoned.
Things that are here:
a +0 dagger; a goblin skeleton
Casting: Magic Dart (safe; 3% risk of failure)
Confirm with . or Enter, or press ? or * to list all spells.
A beastly little devil appears in a puff of flame.
You feel sick. Robin barely misses you.
* * * LOW HITPOINT WARNING * * *
You feel sick.
There is an open door here.
You swap places.
* * * LOW HITPOINT WARNING * * *
You feel sick. Robin closely misses your crimson imp.
Unknown command.
You aren't carrying any potions.
Really read
c - a scroll labeled OMEPAU ETHROTOJO {!r}?
As you read the scroll labeled OMEPAU ETHROTOJO {!r}, it crumbles to dust.
You hear a loud clanging noise!
It was a scroll of noise {!r}.
* * * LOW HITPOINT WARNING * * *
You feel sick.
You hear a shout!
Robin misses your crimson imp.
* * * LOW HITPOINT WARNING * * *
You feel sick.
Robin says, "Duck!"
Robin hits your crimson imp but does no damage.
* * * LOW HITPOINT WARNING * * *
You feel sick. Robin barely misses your crimson imp.
* * * LOW HITPOINT WARNING * * *
You feel sick. Robin misses your crimson imp.
You die...

(. #### ... #.. .... #.#
....#####.# ..........###
## ............# .#
#........#### .# .#
+...@....5g># .####[.
#........##.# ......#
#........##.##.#..#..
######..###.#...#...# #.
##.###...#..#..#
#.#########..##....#..#.#
#.............#.#...#...#
#............#..)#..#...
#............#.#..#..#.#


You could see Robin and a friendly crimson imp.

Vanquished Creatures
  An ooze (D:2)
  4 goblins
  2 hobgoblins (D:2)
  2 jackals (D:2)
  A kobold (D:1)
  A frilled lizard (D:2)
11 creatures vanquished.

Notes
Turn   | Place    | Note
-------+----------+-------------------------------------------
     0 | D:1      | Amnesiac the Deep Elf Wizard began the quest for the Orb.
     0 | D:1      | Reached XP level 1. HP: 10/10 MP: 7/7
   257 | D:2      | Reached XP level 2. HP: 15/15 MP: 0/9
   261 | D:2      | Learned a level 2 spell: Blink
   264 | D:2      | Learned a level 2 spell: Call Imp
   347 | D:2      | Noticed Robin
   566 | D:1      | Succumbed to Robin's poison

Levels and vault maps discovered:
D:1:      elethiomel_arrival_quiet, layout_basic, minmay_misc_feat_diagonals,
          patterned_corridor
D:2:      layout_basic, st_stairs_3, nicolae_dithmenos_shadow_blocks,
          uniq_robin, uniq_jessica

Skill      XL: |  1 |
---------------+----+-----
Conjurations   | 2 |  2.7
Dodging        | |  2.4
Stealth        | |  2.4
Spellcasting   | |  4.5
Summonings     | |  1.1
Translocations | |  1.1

Action                   || total
-------------------------++-------
Melee: Unarmed           ||     1
 Cast: Magic Dart        ||    34
       Call Imp          ||     1
  Use: Scroll            ||     1
Armor: Robe              ||     2
Dodge: Dodged            ||     7

Table legend:
 A = Non-vault XP
 B = Vault XP
 C = Vault XP percentage of total XP
 D = Non-vault monster count
 E = Vault monster count
 F = Vault count percentage of total count
                 A         B        C        D         E       F
            +---------+---------+-------+---------+---------+-------
      Total |      16 |      10 |  38.5 |       6 |       5 |  45.5
            +---------+---------+-------+---------+---------+-------
        D:1 |       4 |       2 |  33.3 |       2 |       1 |  33.3
        D:2 |      12 |       8 |  40.0 |       4 |       4 |  50.0
            +---------+---------+-------+---------+---------+-------
